[Event "HUN-chT Youth-Children 2018"]
[Site "Zalakaros"]
[Date "2018.07.26"]
[Round "1"]
[White "Marosi, Levente"]
[Black "Virag, Balint"]
[Result "0-1"]
[ECO "A13"]
[WhiteElo "2325"]
[BlackElo "2051"]
[Annotator "NA"]
[PlyCount "74"]
[EventDate "2018.07.26"]
[EventType "team-tourn"]
[EventCountry "HUN"]
[SourceTitle "playchess.com"]
[Source "ChessBase"]
[SourceQuality "1"]
[TimeControl "5400+30"]

1. c4 e6 2. Nf3 Nf6 3. g3 d5 4. d4 a6 5. Nbd2 c5 6. cxd5 exd5 7. dxc5 Bxc5 8. Nb3 Ne4 9. Nxc5 Qa5+ 10. Nd2 Qxc5 11. Nxe4 dxe4 12. Bg2 Bf5 13. O-O O-O 14. Be3 Qe7 15. Qd5 Bg6 16. Rfd1 Re8 17. Bc5 Qc7 18. h4 Nc6 19. Bd6 Qa5 20. e3 Qxd5 21. Rxd5 Rad8 22. Rad1 f6 23. Bc5 Rxd5 24. Rxd5 Re5 25. Rxe5 Nxe5 26. Bh3 Bf7 27. a3 Bd5 28. Bb4 Kf7 29. Bc3 Nd3 30. Bc8 g6 31. g4 Ke7 32. g5 f5 33. Bf6+ Kd6 34. Bd8 Nxb2 35. h5 Nc4 36. a4 Kc6 37. hxg6 hxg6 0-1

[Event "HUN-chT Youth-Children 2018"]
[Site "Zalakaros"]
[Date "2018.07.26"]
[Round "1"]
[White "Krstulovic, Alex"]
[Black "Sulyok, Eszter"]
[Result "1-0"]
[ECO "D37"]
[WhiteElo "2289"]
[BlackElo "1804"]
[Annotator "NA"]
[PlyCount "41"]
[EventDate "2018.07.26"]
[EventType "team-tourn"]
[EventCountry "HUN"]
[SourceTitle "playchess.com"]
[Source "ChessBase"]
[SourceQuality "1"]
[TimeControl "5400+30"]

1. d4 d5 2. c4 e6 3. Nf3 Nf6 4. Nc3 Be7 5. Bf4 O-O 6. e3 c5 7. dxc5 Bxc5 8. Qc2 Be7 9. Rd1 Qa5 10. Nd2 Nc6 11. Nb3 Qd8 12. a3 Re8 13. Be2 Na5 14. O-O Qb6 15. Nxa5 Qxa5 16. Nb5 Bd8 17. b4 Qb6 18. c5 Qc6 19. Nd4 Qd7 20. Bb5 Qe7 21. Bd6 1-0

[Event "HUN-chT Youth-Children 2018"]
[Site "Zalakaros"]
[Date "2018.07.26"]
[Round "1"]
[White "Czupor, Attila"]
[Black "Reviczki, Roland"]
[Result "1-0"]
[ECO "B33"]
[WhiteElo "2223"]
[BlackElo "1931"]
[Annotator "NA"]
[PlyCount "101"]
[EventDate "2018.07.26"]
[EventType "team-tourn"]
[EventCountry "HUN"]
[SourceTitle "playchess.com"]
[Source "ChessBase"]
[SourceQuality "1"]
[TimeControl "5400+30"]

1. e4 c5 2. Nf3 Nc6 3. d4 cxd4 4. Nxd4 Nf6 5. Nc3 e5 6. Ndb5 d6 7. Bg5 a6 8. Na3 b5 9. Nd5 Be7 10. Bxf6 Bxf6 11. c4 b4 12. Nc2 Bb7 13. Bd3 Bg5 14. Ncxb4 Nxb4 15. Nxb4 Qa5 16. a3 O-O 17. O-O Qc5 18. Nc2 a5 19. b4 axb4 20. axb4 Qb6 21. Qg4 Bd2 22. Qe2 Bg5 23. Rfb1 Rfc8 24. Qe1 Qd8 25. Ne3 Bxe3 26. Qxe3 Rxa1 27. Rxa1 Ra8 28. Qc1 h6 29. h3 Kh7 30. Ra3 Qb6 31. Rxa8 Bxa8 32. Qc3 Bb7 33. c5 dxc5 34. bxc5 Qc7 35. f3 Bc6 36. Bc4 f6 37. Bd5 Kg6 38. Qb4 Qd7 39. Bxc6 Qxc6 40. Qc4 h5 41. h4 Qc7 42. Qc3 Qc6 43. Kh2 Kh6 44. Qd2+ Kg6 45. Qd5 Qc7 46. c6 Qb6 47. Qd7 Qe3 48. Qf5+ Kh6 49. c7 g6 50. Qxf6 Qc3 51. Qh8# 1-0

[Event "HUN-chT Youth-Children 2018"]
[Site "Zalakaros"]
[Date "2018.07.26"]
[Round "1"]
[White "Buzas, Bertalan"]
[Black "Vodila, Martin Botond"]
[Result "1/2-1/2"]
[ECO "A05"]
[WhiteElo "2213"]
[BlackElo "2156"]
[Annotator "NA"]
[PlyCount "94"]
[EventDate "2018.07.26"]
[EventType "team-tourn"]
[EventCountry "HUN"]
[SourceTitle "playchess.com"]
[Source "ChessBase"]
[SourceQuality "1"]
[TimeControl "5400+30"]

1. Nf3 Nf6 2. g3 g6 3. Bg2 Bg7 4. O-O O-O 5. d4 d6 6. b3 Nbd7 7. Bb2 c6 8. Nbd2 Qc7 9. e4 b6 10. c4 e5 11. Qc2 Ne8 12. Rad1 a6 13. Rfe1 Bb7 14. Nf1 Rd8 15. Ne3 Qb8 16. h4 Nc7 17. Bh3 exd4 18. Bxd4 Bxd4 19. Nxd4 Ne5 20. Bg2 c5 21. Ne2 Ne6 22. Qc3 f6 23. f4 Nc6 24. Ng4 Ned4 25. Nxd4 Nxd4 26. Rxd4 cxd4 27. Qxd4 Kg7 28. Qxb6 Qc8 29. Ne3 Rfe8 30. Qd4 Qc5 31. Qxc5 dxc5 32. e5 Bxg2 33. exf6+ Kxf6 34. Kxg2 Rd2+ 35. Kf3 Rxa2 36. Ng4+ Kf7 37. Ne5+ Kg7 38. Rd1 Rb8 39. Rd7+ Kg8 40. Rc7 Rxb3+ 41. Kg4 Rb8 42. Rxc5 a5 43. Rc7 Rf8 44. c5 a4 45. Ra7 a3 46. c6 Ra1 47. Nd7 Rf7 1/2-1/2

[Event "HUN-chT Youth-Children 2018"]
[Site "Zalakaros"]
[Date "2018.07.26"]
[Round "1"]
[White "Pribelszky, Bence"]
[Black "Juhasz, Adam"]
[Result "1-0"]
[ECO "B00"]
[WhiteElo "2206"]
[BlackElo "1929"]
[Annotator "NA"]
[PlyCount "59"]
[EventDate "2018.07.26"]
[EventType "team-tourn"]
[EventCountry "HUN"]
[SourceTitle "playchess.com"]
[Source "ChessBase"]
[SourceQuality "1"]
[TimeControl "5400+30"]

1. e4 b6 2. d4 Bb7 3. Bd3 e6 4. Nf3 Nf6 5. Qe2 d5 6. e5 Ne4 7. O-O Be7 8. c4 c5 9. cxd5 exd5 10. Nc3 Nxc3 11. bxc3 O-O 12. h4 Nc6 13. Ng5 h6 14. Qh5 cxd4 15. e6 Ne5 16. Nxf7 Rxf7 17. exf7+ Nxf7 18. cxd4 Bf6 19. Bb2 Bxh4 20. Qg6 Be7 21. Rfe1 Ng5 22. Bc1 Qf8 23. Bxg5 Bxg5 24. Qh7+ Kf7 25. Re5 Qd6 26. Rae1 Bc8 27. Re8 Bf4 28. Qg8+ Kf6 29. Rxc8 Rxc8 30. Qxc8 1-0

[Event "HUN-chT Youth-Children 2018"]
[Site "Zalakaros"]
[Date "2018.07.26"]
[Round "1"]
[White "Egyed, Judit"]
[Black "Fodor, Kornel"]
[Result "1-0"]
[ECO "B48"]
[WhiteElo "2171"]
[BlackElo "1794"]
[Annotator "NA"]
[PlyCount "73"]
[EventDate "2018.07.26"]
[EventType "team-tourn"]
[EventCountry "HUN"]
[SourceTitle "playchess.com"]
[Source "ChessBase"]
[SourceQuality "1"]
[TimeControl "5400+30"]

1. e4 c5 2. Nf3 e6 3. d4 cxd4 4. Nxd4 Nc6 5. Nc3 Qc7 6. Be3 a6 7. Bd3 Nf6 8. O-O Ne5 9. h3 b5 10. a3 Bb7 11. Qe2 Bc5 12. Nb3 Bxe3 13. Qxe3 d6 14. Rad1 O-O 15. Kh1 Nc4 16. Bxc4 bxc4 17. Nd2 Rfd8 18. Qg3 Qc6 19. f4 d5 20. e5 Ne4 21. Ndxe4 dxe4 22. Qe3 f5 23. exf6 gxf6 24. f5 exf5 25. Rxd8+ Rxd8 26. Rxf5 Kh8 27. Qh6 e3 28. Qxf6+ Qxf6 29. Rxf6 Rd1+ 30. Kh2 Rd2 31. Kg1 Rd1+ 32. Nxd1 e2 33. Rf1 exf1=Q+ 34. Kxf1 Bd5 35. Ne3 Be6 36. Kf2 c3 37. b4 1-0

[Event "HUN-chT Youth-Children 2018"]
[Site "Zalakaros"]
[Date "2018.07.26"]
[Round "1"]
[White "Acs, Marton"]
[Black "Szabo, Andrea Erzsebet"]
[Result "1-0"]
[ECO "A06"]
[WhiteElo "2157"]
[BlackElo "1588"]
[Annotator "NA"]
[PlyCount "37"]
[EventDate "2018.07.26"]
[EventType "team-tourn"]
[EventCountry "HUN"]
[SourceTitle "playchess.com"]
[Source "ChessBase"]
[SourceQuality "1"]
[TimeControl "5400+30"]

1. Nf3 d5 2. g3 Nf6 3. Bg2 Nc6 4. d4 Bf5 5. c4 Be4 6. Nc3 e6 7. Qa4 Be7 8. O-O O-O 9. Rd1 Nb4 10. Nxe4 Nxe4 11. a3 Na6 12. Bf4 c6 13. Rac1 Qb6 14. b4 dxc4 15. Ne5 Nf6 16. Nxc4 Qd8 17. Na5 Qc8 18. Nxc6 bxc6 19. Rxc6 1-0

[Event "HUN-chT Youth-Children 2018"]
[Site "Zalakaros"]
[Date "2018.07.26"]
[Round "1"]
[White "Kovacs, Judit"]
[Black "Borhy, Marcell"]
[Result "1/2-1/2"]
[ECO "D11"]
[WhiteElo "2143"]
[BlackElo "2234"]
[Annotator "NA"]
[PlyCount "44"]
[EventDate "2018.07.26"]
[EventType "team-tourn"]
[EventCountry "HUN"]
[SourceTitle "playchess.com"]
[Source "ChessBase"]
[SourceQuality "1"]
[TimeControl "5400+30"]

1. d4 d5 2. c4 c6 3. Nf3 Nf6 4. Qb3 dxc4 5. Qxc4 Bf5 6. Nc3 e6 7. g3 Nbd7 8. Bg2 Be7 9. O-O O-O 10. e3 Rc8 11. Qe2 Ne4 12. Nd2 Nxd2 13. Bxd2 Bg6 14. e4 Nf6 15. Be3 Bb4 16. f3 Qa5 17. Rfc1 c5 18. a3 Bxc3 19. Rxc3 cxd4 20. Bxd4 Nd7 21. b4 Qa4 22. Qb2 f6 1/2-1/2

[Event "HUN-chT Youth-Children 2018"]
[Site "Zalakaros"]
[Date "2018.07.26"]
[Round "1"]
[White "Pogany, Zsombor"]
[Black "Vanczak, Tamas"]
[Result "1/2-1/2"]
[ECO "A01"]
[WhiteElo "2081"]
[BlackElo "2304"]
[Annotator "NA"]
[PlyCount "65"]
[EventDate "2018.07.26"]
[EventType "team-tourn"]
[EventCountry "HUN"]
[SourceTitle "playchess.com"]
[Source "ChessBase"]
[SourceQuality "1"]
[TimeControl "5400+30"]

1. b3 d5 2. Bb2 Nf6 3. e3 c5 4. Nf3 Nc6 5. Bb5 e6 6. O-O a6 7. Bxc6+ bxc6 8. d3 Be7 9. Nbd2 O-O 10. Ne5 Qc7 11. f4 Ne8 12. Qe2 f6 13. Nef3 Bd6 14. Rae1 Qe7 15. g3 e5 16. Qg2 Bd7 17. fxe5 fxe5 18. e4 d4 19. Nc4 Bc7 20. Rf2 Nf6 21. h3 Nh5 22. Bc1 h6 23. Ref1 Qe6 24. Kh2 g5 25. Ng1 Ng7 26. Rxf8+ Rxf8 27. Rxf8+ Kxf8 28. g4 Qf6 29. Qf3 Ke7 30. Qxf6+ Kxf6 31. Kg3 h5 32. Nf3 h4+ 33. Kg2 1/2-1/2

[Event "HUN-chT Youth-Children 2018"]
[Site "Zalakaros"]
[Date "2018.07.26"]
[Round "1"]
[White "Pasztor, Balazs"]
[Black "Dora, Bence"]
[Result "1-0"]
[ECO "C54"]
[WhiteElo "2072"]
[BlackElo "1630"]
[Annotator "NA"]
[PlyCount "45"]
[EventDate "2018.07.26"]
[EventType "team-tourn"]
[EventCountry "HUN"]
[SourceTitle "playchess.com"]
[Source "ChessBase"]
[SourceQuality "1"]
[TimeControl "5400+30"]

1. e4 e5 2. Nf3 Nc6 3. Bc4 Bc5 4. c3 Nf6 5. d3 d6 6. Bb3 h6 7. Nbd2 O-O 8. h3 a6 9. Nf1 Be6 10. Ng3 d5 11. Qe2 d4 12. O-O Qd7 13. Kh2 Rad8 14. Rd1 dxc3 15. bxc3 Bxb3 16. axb3 Qe6 17. b4 Bb6 18. Nf5 Nh7 19. Kg1 Ne7 20. N3h4 Nxf5 21. Nxf5 Rd7 22. Qg4 Ng5 23. h4 1-0

[Event "HUN-chT Youth-Children 2018"]
[Site "Zalakaros"]
[Date "2018.07.26"]
[Round "1"]
[White "Gombocz, Zsofia"]
[Black "Foldes, Marton Gabor"]
[Result "1/2-1/2"]
[ECO "B30"]
[WhiteElo "1996"]
[BlackElo "1590"]
[Annotator "NA"]
[PlyCount "106"]
[EventDate "2018.07.26"]
[EventType "team-tourn"]
[EventCountry "HUN"]
[SourceTitle "playchess.com"]
[Source "ChessBase"]
[SourceQuality "1"]
[TimeControl "5400+30"]

1. e4 c5 2. Nf3 Nc6 3. Bb5 e6 4. Nc3 Nd4 5. Bc4 Ne7 6. Nxd4 cxd4 7. Ne2 Nc6 8. d3 d5 9. exd5 exd5 10. Bb3 Be6 11. O-O Bd6 12. Nf4 O-O 13. h3 Qf6 14. Nxe6 fxe6 15. Bd2 Ne7 16. Qg4 h6 17. c3 Bc5 18. c4 Rad8 19. Rae1 Rd6 20. g3 Ng6 21. f4 a6 22. h4 Ne7 23. a4 Nf5 24. cxd5 exd5 25. Re5 Ne3 26. Bxe3 dxe3 27. Rxd5 Rxd5 28. Bxd5+ Kh8 29. Qe2 b6 30. Rc1 Qd4 31. Be4 Qxa4 32. Kg2 Qd4 33. Rc4 Qd6 34. b4 Bxb4 35. Qxe3 a5 36. Rc6 Bc5 37. Qf3 Qe7 38. Qg4 Qf7 39. Qf3 Rd8 40. f5 Bd4 41. g4 a4 42. g5 Qa2+ 43. Kh3 Be5 44. gxh6 Qh2+ 45. Kg4 Bf6 46. hxg7+ Kxg7 47. Qg3 Qxg3+ 48. Kxg3 a3 49. Rc7+ Kh8 50. Ra7 Bb2 51. Kg4 b5 52. Kg5 b4 53. f6 b3 1/2-1/2

[Event "HUN-chT Youth-Children 2018"]
[Site "Zalakaros"]
[Date "2018.07.26"]
[Round "1"]
[White "Balogh, Marton"]
[Black "Bohus, Adam"]
[Result "0-1"]
[ECO "D00"]
[WhiteElo "1973"]
[BlackElo "2246"]
[Annotator "NA"]
[PlyCount "56"]
[EventDate "2018.07.26"]
[EventType "team-tourn"]
[EventCountry "HUN"]
[SourceTitle "playchess.com"]
[Source "ChessBase"]
[SourceQuality "1"]
[TimeControl "5400+30"]

1. d4 d5 2. Bf4 Nf6 3. e3 c5 4. c3 Nc6 5. Nd2 e6 6. Ngf3 cxd4 7. exd4 Nh5 8. Bg5 f6 9. Bh4 Be7 10. Be2 Nf4 11. Bg3 Nh5 12. Qc2 g6 13. Bd3 Bd7 14. Rc1 O-O 15. O-O Kg7 16. Rfe1 Rc8 17. Qb1 Nxg3 18. hxg3 Bd6 19. Nh4 g5 20. Nhf3 g4 21. Nh2 f5 22. Ndf1 h5 23. Ne3 h4 24. gxh4 Bxh2+ 25. Kxh2 Qxh4+ 26. Kg1 f4 27. Nd1 Rh8 28. Kf1 f3 0-1

[Event "HUN-chT Youth-Children 2018"]
[Site "Zalakaros"]
[Date "2018.07.26"]
[Round "1"]
[White "Birovecz, Ben Jordan"]
[Black "Kovacsy, Barnabas"]
[Result "0-1"]
[ECO "D97"]
[WhiteElo "1925"]
[BlackElo "2174"]
[Annotator "NA"]
[PlyCount "80"]
[EventDate "2018.07.26"]
[EventType "team-tourn"]
[EventCountry "HUN"]
[SourceTitle "playchess.com"]
[Source "ChessBase"]
[SourceQuality "1"]
[TimeControl "5400+30"]

1. d4 Nf6 2. c4 g6 3. Nc3 d5 4. Nf3 Bg7 5. Qb3 dxc4 6. Qxc4 O-O 7. e4 Nc6 8. Be2 Bg4 9. Be3 Bxf3 10. Bxf3 e5 11. d5 Nd4 12. O-O-O a6 13. Kb1 b5 14. Qd3 Nxf3 15. gxf3 Qd6 16. Ne2 Rfc8 17. Qc2 c5 18. dxc6 Qe6 19. Rc1 Rab8 20. Rhd1 Rc7 21. Rd3 Ne8 22. f4 Nd6 23. fxe5 Nc4 24. Qd1 Re8 25. f4 Qxc6 26. Nc3 Nxe3 27. Rxe3 Rec8 28. Re1 Qb6 29. Qd2 Qa5 30. Qe3 Qb4 31. Nd5 Rxc1+ 32. Rxc1 Rxc1+ 33. Kxc1 Qc4+ 34. Kb1 Bf8 35. Nf6+ Kg7 36. b3 Qf1+ 37. Qc1 Qd3+ 38. Qc2 Qf1+ 39. Qc1 Qd3+ 40. Qc2 Qf1+ 0-1

[Event "HUN-chT Youth-Children 2018"]
[Site "Zalakaros"]
[Date "2018.07.26"]
[Round "1"]
[White "Bako, Martin"]
[Black "Margl, Roland"]
[Result "0-1"]
[ECO "D50"]
[WhiteElo "1852"]
[BlackElo "2188"]
[Annotator "NA"]
[PlyCount "64"]
[EventDate "2018.07.26"]
[EventType "team-tourn"]
[EventCountry "HUN"]
[SourceTitle "playchess.com"]
[Source "ChessBase"]
[SourceQuality "1"]
[TimeControl "5400+30"]

1. d4 d5 2. c4 e6 3. Nc3 Nf6 4. Nf3 c5 5. Bg5 cxd4 6. Qxd4 Nc6 7. Bxf6 gxf6 8. Qd2 d4 9. e3 dxc3 10. Qxd8+ Kxd8 11. bxc3 Kc7 12. Bd3 Ne5 13. Nxe5 fxe5 14. Ke2 Bd7 15. f3 Bc6 16. e4 Bc5 17. g4 h5 18. h3 Rag8 19. Raf1 Rh7 20. Bc2 Be8 21. Re1 hxg4 22. hxg4 Rgh8 23. Rxh7 Rxh7 24. Kd3 Rh2 25. a4 Bf2 26. Ra1 Bg3 27. Bd1 Bf4 28. Be2 a5 29. Ra2 Kd6 30. Ra1 Kc5 31. Ra2 b6 32. Ra1 Bc6 0-1

[Event "HUN-chT Youth-Children 2018"]
[Site "Zalakaros"]
[Date "2018.07.26"]
[Round "1"]
[White "Demjen, Mark"]
[Black "Forgacs, Attila Jr."]
[Result "0-1"]
[ECO "C74"]
[WhiteElo "1747"]
[BlackElo "1911"]
[Annotator "NA"]
[PlyCount "108"]
[EventDate "2018.07.26"]
[EventType "team-tourn"]
[EventCountry "HUN"]
[SourceTitle "playchess.com"]
[Source "ChessBase"]
[SourceQuality "1"]
[TimeControl "5400+30"]

1. e4 e5 2. Nf3 Nc6 3. Bb5 a6 4. Ba4 d6 5. c3 f5 6. exf5 Bxf5 7. O-O Bd3 8. Re1 Be7 9. Qb3 b5 10. Qd5 Qd7 11. Qxd3 bxa4 12. Qc2 Nf6 13. d3 O-O 14. Nbd2 Rad8 15. Qxa4 Nh5 16. Nf1 Rf7 17. Ng3 Nxg3 18. hxg3 Rdf8 19. Be3 d5 20. Rad1 a5 21. Re2 Qe8 22. Qb3 Qd7 23. d4 Rb8 24. Nxe5 Qf5 25. Qxd5 Nxe5 26. Qxe5 Qd7 27. Bf4 Bd6 28. Qe3 Bxf4 29. gxf4 Rbf8 30. g3 Qg4 31. Rde1 Rxf4 32. Qe6+ Qxe6 33. Rxe6 Rxf2 34. R6e2 R2f3 35. Kg2 R3f7 36. Rd1 Rd8 37. Rd3 Rfd7 38. Rde3 Kf7 39. Rf2+ Kg8 40. Re5 Ra8 41. Rff5 a4 42. Ra5 Rxa5 43. Rxa5 Re7 44. Kf3 Rf7+ 45. Ke3 Re7+ 46. Kd3 Re1 47. Rxa4 Rg1 48. Ra7 Rxg3+ 49. Ke4 h5 50. Rxc7 h4 51. Rc5 g6 52. Kf4 g5+ 53. Kf5 h3 54. Kg6 Kf8 0-1

[Event "HUN-chT Youth-Children 2018"]
[Site "Zalakaros"]
[Date "2018.07.26"]
[Round "1"]
[White "Megyaszai, Balazs"]
[Black "Szamko, Hanna"]
[Result "1-0"]
[ECO "C44"]
[WhiteElo "1710"]
[BlackElo "1327"]
[Annotator "NA"]
[PlyCount "109"]
[EventDate "2018.07.26"]
[EventType "team-tourn"]
[EventCountry "HUN"]
[SourceTitle "playchess.com"]
[Source "ChessBase"]
[SourceQuality "1"]
[TimeControl "5400+30"]

1. e4 e5 2. Nf3 Nc6 3. d4 exd4 4. Bc4 Bb4+ 5. c3 dxc3 6. O-O Nge7 7. a3 cxb2 8. Bxb2 Bc5 9. Bxg7 Rg8 10. Bb2 d6 11. Qb3 Be6 12. Bxe6 fxe6 13. Qxe6 Qd7 14. Qb3 O-O-O 15. Nbd2 d5 16. Rac1 Bb6 17. e5 d4 18. Kh1 Qd5 19. Qxd5 Nxd5 20. Nc4 Nf4 21. Nxb6+ axb6 22. g3 Nd3 23. Rc2 Ndxe5 24. Nxe5 Nxe5 25. Re2 Nc6 26. Rd2 Rg5 27. Rfd1 Ra5 28. f4 Rd6 29. Kg2 Kd7 30. Kf3 Ra4 31. g4 Na5 32. Rxd4 Raxd4 33. Rxd4 Rxd4 34. Bxd4 c5 35. Bb2 Nc4 36. Bc1 Ke6 37. Ke4 Nd6+ 38. Kd3 Kd5 39. f5 Ne4 40. g5 Nd6 41. f6 Ke6 42. Bf4 Nc8 43. Kc4 Nd6+ 44. Bxd6 Kxd6 45. Kb5 Ke6 46. h4 Kf7 47. Kc4 Kg6 48. Kd5 Kf7 49. a4 Kf8 50. h5 Kf7 51. h6 Kg6 52. Ke6 Kxg5 53. f7 Kxh6 54. f8=Q+ Kg5 55. Qf5+ 1-0

[Event "HUN-chT Youth-Children 2018"]
[Site "Zalakaros"]
[Date "2018.07.26"]
[Round "1"]
[White "Kiss, Eniko"]
[Black "Pogany, Dorka"]
[Result "1/2-1/2"]
[ECO "B00"]
[WhiteElo "1697"]
[BlackElo "1350"]
[Annotator "NA"]
[PlyCount "37"]
[EventDate "2018.07.26"]
[EventType "team-tourn"]
[EventCountry "HUN"]
[SourceTitle "playchess.com"]
[Source "ChessBase"]
[SourceQuality "1"]
[TimeControl "5400+30"]

1. e4 b6 2. d4 Bb7 3. Nc3 e6 4. Bd3 Nf6 5. Nf3 Bb4 6. Qe2 d5 7. exd5 Nxd5 8. Bd2 Bxc3 9. bxc3 Nd7 10. O-O h6 11. c4 Ne7 12. Rfe1 c6 13. Bf4 O-O 14. Nh4 Nd5 15. Qg4 g5 16. Qe2 N7f6 17. Qe5 Ne7 18. Be3 Nc8 19. Bxg5 1/2-1/2

[Event "HUN-chT Youth-Children 2018"]
[Site "Zalakaros"]
[Date "2018.07.26"]
[Round "1"]
[White "Laszlo, Csaba"]
[Black "Ugroczky, Peter"]
[Result "1/2-1/2"]
[ECO "B56"]
[WhiteElo "1694"]
[BlackElo "2234"]
[Annotator "NA"]
[PlyCount "90"]
[EventDate "2018.07.26"]
[EventType "team-tourn"]
[EventCountry "HUN"]
[SourceTitle "playchess.com"]
[Source "ChessBase"]
[SourceQuality "1"]
[TimeControl "5400+30"]

1. e4 c5 2. Nf3 d6 3. d4 cxd4 4. Nxd4 Nf6 5. Nc3 Nc6 6. f3 e5 7. Nb3 Be6 8. Bg5 Be7 9. Bxf6 gxf6 10. Nd5 a5 11. c3 a4 12. Nxe7 Qxe7 13. Nd2 f5 14. exf5 Bxf5 15. Nc4 Rd8 16. Ne3 Be6 17. Nd5 Bxd5 18. Qxd5 Qe6 19. Qxe6+ fxe6 20. Bb5 Ra8 21. Ke2 Ke7 22. Bxc6 bxc6 23. b4 d5 24. a3 Kd6 25. Rhf1 Raf8 26. g3 h5 27. h4 Rhg8 28. Rg1 Rf7 29. Raf1 Rfg7 30. Kf2 d4 31. cxd4 exd4 32. f4 e5 33. fxe5+ Kxe5 34. Rc1 Rf8+ 35. Kg2 Kd6 36. Rc5 Rgf7 37. Rd1 Rf2+ 38. Kg1 R2f3 39. Rxd4+ Kc7 40. Kg2 Rxa3 41. Rdc4 Rg8 42. Rxc6+ Kb7 43. Rc7+ Kb6 44. R7c6+ Kb7 45. Rc7+ Kb6 1/2-1/2

[Event "HUN-chT Youth-Children 2018"]
[Site "Zalakaros"]
[Date "2018.07.26"]
[Round "1"]
[White "Juhasz, Balazs"]
[Black "Papp, Levente"]
[Result "0-1"]
[ECO "A04"]
[WhiteElo "1687"]
[BlackElo "2256"]
[Annotator "NA"]
[PlyCount "114"]
[EventDate "2018.07.26"]
[EventType "team-tourn"]
[EventCountry "HUN"]
[SourceTitle "playchess.com"]
[Source "ChessBase"]
[SourceQuality "1"]
[TimeControl "5400+30"]

1. Nf3 f5 2. b3 Nf6 3. Bb2 e6 4. e3 Be7 5. d4 O-O 6. Be2 d5 7. O-O c6 8. c4 Ne4 9. Ne5 Nd7 10. f3 Nef6 11. f4 Nxe5 12. dxe5 Nd7 13. Ba3 Nc5 14. cxd5 cxd5 15. Qc2 b6 16. Nd2 Bd7 17. Nf3 Rc8 18. Qd1 Ne4 19. Bxe7 Qxe7 20. Bd3 Rc3 21. Bxe4 dxe4 22. Nd4 Rxe3 23. Qc2 Rc8 24. Qb2 Qc5 25. Rac1 Qd5 26. Rfd1 Rxc1 27. Qxc1 Rd3 28. Rxd3 exd3 29. Nf3 Bc6 30. Qd2 Qc5+ 31. Kf1 Qc2 32. Ke1 Bxf3 33. gxf3 Qb1+ 34. Kf2 h6 35. Ke3 Kh7 36. Kf2 Qh1 37. Ke3 Qf1 38. Qf2 Qxf2+ 39. Kxf2 Kg6 40. Ke3 Kh5 41. Kxd3 g5 42. fxg5 Kxg5 43. Ke3 Kh4 44. Kf2 Kh3 45. Kg1 f4 46. Kh1 Kh4 47. Kg2 h5 48. a3 a6 49. b4 b5 50. Kf1 Kg5 51. Kg2 Kf5 52. Kh3 Kxe5 53. Kh4 Kf5 54. Kxh5 e5 55. Kh4 e4 56. fxe4+ Kxe4 57. Kh3 Kf3 0-1

[Event "HUN-chT Youth-Children 2018"]
[Site "Zalakaros"]
[Date "2018.07.26"]
[Round "1"]
[White "Turcsanyi, Vince Gergo"]
[Black "Kis, Vanda Liana"]
[Result "1-0"]
[ECO "B53"]
[WhiteElo "1639"]
[BlackElo "1062"]
[Annotator "NA"]
[PlyCount "45"]
[EventDate "2018.07.26"]
[EventType "team-tourn"]
[EventCountry "HUN"]
[SourceTitle "playchess.com"]
[Source "ChessBase"]
[SourceQuality "1"]
[TimeControl "5400+30"]

1. e4 c5 2. Nf3 d6 3. d4 cxd4 4. Qxd4 e5 5. Qd3 Nc6 6. Nc3 Nf6 7. Bg5 Be7 8. O-O-O Nb4 9. Qb5+ Nc6 10. Nxe5 a6 11. Nxc6 bxc6 12. Qxc6+ Bd7 13. Qc4 O-O 14. Bxf6 Bxf6 15. Rxd6 Bg5+ 16. Kb1 Qe8 17. Qd5 Bf6 18. Rxd7 Qb8 19. Rb7 Qc8 20. e5 Bd8 21. Bc4 Qf5 22. Rxf7 Rxf7 23. Qxa8 1-0

[Event "HUN-chT Youth-Children 2018"]
[Site "Zalakaros"]
[Date "2018.07.26"]
[Round "1"]
[White "Gulacsi, Donat Ferenc"]
[Black "Vilics, Hanna"]
[Result "1/2-1/2"]
[ECO "B50"]
[WhiteElo "1610"]
[BlackElo "1205"]
[Annotator "NA"]
[PlyCount "45"]
[EventDate "2018.07.26"]
[EventType "team-tourn"]
[EventCountry "HUN"]
[SourceTitle "playchess.com"]
[Source "ChessBase"]
[SourceQuality "1"]
[TimeControl "5400+30"]

1. e4 c5 2. Nf3 d6 3. c4 Nf6 4. Nc3 g6 5. d4 cxd4 6. Nxd4 Bg7 7. Be3 O-O 8. Be2 Nc6 9. O-O Nxd4 10. Bxd4 Be6 11. Rc1 a6 12. b3 Rc8 13. Qd3 Bg4 14. Bxg4 Nxg4 15. Bxg7 Kxg7 16. Qd4+ Nf6 17. Nd5 e5 18. Qd3 Nxd5 19. Qxd5 Qb6 20. Rfd1 Rfd8 21. h3 Qc6 22. c5 Qxd5 23. Rxd5 1/2-1/2

[Event "HUN-chT Youth-Children 2018"]
[Site "Zalakaros"]
[Date "2018.07.26"]
[Round "1"]
[White "Bako, Milan"]
[Black "Juhasz, Judit"]
[Result "0-1"]
[ECO "B24"]
[WhiteElo "1573"]
[BlackElo "1926"]
[Annotator "NA"]
[PlyCount "66"]
[EventDate "2018.07.26"]
[EventType "team-tourn"]
[EventCountry "HUN"]
[SourceTitle "playchess.com"]
[Source "ChessBase"]
[SourceQuality "1"]
[TimeControl "5400+30"]

1. e4 c5 2. Nc3 Nc6 3. g3 g6 4. Bg2 Bg7 5. Nge2 e6 6. O-O Nge7 7. d3 d6 8. Bd2 O-O 9. Qc1 Nd4 10. Bh6 Bxh6 11. Qxh6 Nxc2 12. Rac1 Nb4 13. Qd2 Rb8 14. a3 Nbc6 15. d4 c4 16. d5 Na5 17. Rc2 Nb3 18. Qd1 e5 19. h3 b5 20. Na2 Nc5 21. Nec1 f5 22. f3 a5 23. Qe1 Qb6 24. Kh2 Ba6 25. Rff2 b4 26. axb4 axb4 27. Rcd2 f4 28. Bf1 Rb7 29. Be2 Nxe4 30. fxe4 fxg3+ 31. Kxg3 Qe3+ 32. Kg2 Rxf2+ 33. Qxf2 Qxd2 0-1

[Event "HUN-chT Youth-Children 2018"]
[Site "Zalakaros"]
[Date "2018.07.26"]
[Round "1"]
[White "Markus, Molli Amina"]
[Black "Herczeg, Zsofia"]
[Result "1-0"]
[ECO "A25"]
[WhiteElo "1566"]
[BlackElo "1270"]
[Annotator "NA"]
[PlyCount "75"]
[EventDate "2018.07.26"]
[EventType "team-tourn"]
[EventCountry "HUN"]
[SourceTitle "playchess.com"]
[Source "ChessBase"]
[SourceQuality "1"]
[TimeControl "5400+30"]

1. c4 e5 2. Nc3 Nc6 3. d3 Nf6 4. g3 Bc5 5. Bg2 d6 6. e3 Bg4 7. Nge2 Bb4 8. O-O O-O 9. Bd2 Qd7 10. Re1 a6 11. a3 Ba5 12. b4 Bb6 13. Rc1 Bh3 14. Bh1 Ng4 15. Nd5 Qf5 16. f3 Nf6 17. Nxf6+ Qxf6 18. Nc3 Ne7 19. Ne4 Qf5 20. Nf2 c6 21. g4 Bxg4 22. fxg4 Qg6 23. Qf3 f5 24. Qg3 f4 25. exf4 Bxf2+ 26. Kxf2 exf4 27. Qf3 Qf6 28. Bc3 Qg5 29. h3 Ng6 30. Re6 Nh4 31. Qe4 f3 32. Re1 d5 33. cxd5 cxd5 34. Qd4 Rf4 35. Re8+ Rxe8 36. Rxe8+ Kf7 37. Qe3 Ng2 38. Qe6# 1-0

[Event "HUN-chT Youth-Children 2018"]
[Site "Zalakaros"]
[Date "2018.07.26"]
[Round "1"]
[White "Gyorgyfalvai, Fanni"]
[Black "Dibusz, Domonkos"]
[Result "0-1"]
[ECO "C92"]
[WhiteElo "1476"]
[BlackElo "2076"]
[Annotator "NA"]
[PlyCount "54"]
[EventDate "2018.07.26"]
[EventType "team-tourn"]
[EventCountry "HUN"]
[SourceTitle "playchess.com"]
[Source "ChessBase"]
[SourceQuality "1"]
[TimeControl "5400+30"]

1. e4 e5 2. Nf3 Nc6 3. Bb5 a6 4. Ba4 Nf6 5. O-O Be7 6. Re1 b5 7. Bb3 d6 8. c3 O-O 9. h3 Bb7 10. d4 Nd7 11. Nbd2 exd4 12. cxd4 Bf6 13. Nf1 Na5 14. Bc2 Re8 15. Ng3 g6 16. Bf4 c5 17. Bxd6 cxd4 18. Nxd4 Nc4 19. Bb4 Nxb2 20. Qd2 Nc4 21. Qd1 a5 22. Bc3 b4 23. Qd3 Nde5 24. Qf1 bxc3 25. Nb3 Ba6 26. Red1 Nd2 27. Qe1 Ndf3+ 0-1